Map: Beckett Industries LE

Players

AnySoSex - Winner!

  • Race: Zerg Zerg
  • League: Master

iloveoof

  • Race: Terran Terran
  • League: Master

VOD

Have the link to the VOD?

Description

Time

  • Played on: May 9, 2021, 11:46 a.m.
  • Length: 19:54
Show
View Real Time Build Order
Export as new Build Order

AnySoSex Zerg - Winner!

Build Orders: Hatch First 

Get SALT Encoding   

  12  0:01  Drone  
  13  0:12  Overlord  
  13  0:17  Drone  
  14  0:30  Drone  
  14  0:31  Drone  
  16  0:49  Hatchery  
  15  0:51  Drone  
  15  0:55  Drone  
  17  0:59  Drone  
  18  1:08  Extractor  
  17  1:14  Spawning Pool  
  17  1:17  Drone  
  17  1:21  Drone  
  18  1:27  Drone  
  19  1:38  Drone  
  20  2:01  Queen x2  
  20  2:02  Zergling x4  
  26  2:12  Hatchery  
  25  2:18  Metabolic Boost  
  25  2:27  Overlord  
  25  2:35  Drone  
  26  2:41  Drone  
  27  2:45  Queen, Drone  
  27  2:49  Drone x2  
  32  2:55  Overlord  
  32  2:57  Drone  
  33  3:03  Drone  
  34  3:09  Drone  
  34  3:11  Drone  
  36  3:26  Drone x3  
  39  3:28  Queen  
  39  3:29  Queen  
  39  3:32  Queen  
  45  3:44  Drone  
  45  3:47  Drone x2  
  48  3:49  Drone  
  48  3:50  Drone  
  48  3:53  Overlord  
  48  3:54  Overlord  
  50  4:03  Overlord  
  50  4:09  Overlord  
  50  4:11  Queen x2  
  54  4:18  Queen  
  54  4:20  Drone  
  56  4:24  Drone  
  56  4:25  Drone x3  
  59  4:33  Drone x2  
  59  4:37  Extractor  
  60  4:38  Evolution Chamber x2  
  60  4:39  Drone x3  
  60  4:40  Drone  
  60  4:41  Roach Warren  
  60  4:44  Evolution Chamber  
  60  4:57  Overlord  
  61  5:00  Overlord x2  
  61  5:01  Spore Crawler  
  61  5:02  Spore Crawler, Lair  
  61  5:03  Drone x2  
  61  5:07  Zergling x6, Extractor  
  63  5:25  Drone x3  
  63  5:26  Overlord  
  63  5:27  Zerg Missile Weapons Level 1  
  66  5:29  Drone x7  
  66  5:30  Extractor  
  66  5:31  Zergling x2, Extractor  
  66  5:33  Zergling x2  
  73  5:40  Overlord  
  73  5:44  Drone x3  
  73  5:46  Zerg Ground Armor Level 1  
  73  5:47  Drone  
  77  5:51  Drone x3  
  77  5:54  Overlord  
  77  5:57  Overlord  
  73  6:05  Drone x5  
  77  6:13  Overseer  
  77  6:21  Glial Reconstitution, Drone x2  
  77  6:22  Overlord  
  77  6:23  Drone  
  77  6:24  Drone x2  
  82  6:27  Drone x3  
  81  6:40  Queen  
  81  6:42  Queen  
  85  6:49  Overlord  
  85  6:55  Overlord, Extractor  
  85  6:57  Drone x3  
  87  7:02  Overlord x2  
  87  7:05  Roach x6  
  99  7:11  Roach  
  99  7:12  Roach  
  99  7:13  Roach x2, Hatchery  
  106  7:16  Roach  
  106  7:17  Roach x2  
  111  7:24  Roach x5  
  111  7:26  Ravager x2  
  122  7:30  Ravager  
  122  7:32  Roach  
  125  7:38  Ravager x3  
  125  7:40  Roach  
  125  7:41  Roach x2  
  130  7:54  Roach x5  
  130  7:55  Queen  
  136  8:00  Roach x2  
  136  8:02  Zerg Missile Weapons Level 2  
  140  8:09  Roach x7  
  154  8:13  Zerg Ground Armor Level 2  
  154  8:16  Overlord  
  154  8:18  Overlord  
  154  8:27  Overlord  
  154  8:29  Roach  
  154  8:30  Roach x4  
  154  8:31  Overseer  
  154  8:33  Ravager  
  165  8:35  Ravager x2  
  169  8:41  Roach x4  
  167  8:59  Roach x8  
  167  9:00  Roach x2  
  173  9:08  Roach  
  173  9:09  Roach x4  
  155  9:18  Roach x5  
  129  9:37  Drone x9  
  129  9:43  Roach  
  129  9:44  Roach x4  
  135  9:45  Ravager  
  135  9:46  Ravager x4  
  140  9:53  Infestation Pit  
  140  9:55  Baneling Nest  
  140  9:56  Roach x3  
  144  10:02  Extractor  
  144  10:03  Roach x4  
  144  10:06  Extractor  
  150  10:11  Overlord x2  
  150  10:17  Roach  
  150  10:18  Roach  
  154  10:25  Hatchery  
  153  10:29  Hive  
  153  10:30  Zerg Melee Weapons Level 1  
  153  10:34  Zergling x2  
  153  10:35  Zergling x2  
  155  10:39  Ravager x4  
  155  10:40  Overlord  
  155  10:41  Zergling x16  
  167  10:48  Zergling x12  
  173  10:54  Drone  
  173  10:55  Drone x5  
  179  10:59  Centrifical Hooks  
  179  11:15  Baneling x16  
  179  11:16  Baneling x5  
  179  11:18  Zergling x10  
  181  11:41  Drone x15  
  181  11:44  Ultralisk Cavern  
  195  11:47  Adrenal Glands  
  195  11:51  Zerg Ground Armor Level 3  
  195  12:00  Burrow, Pneumatized Carapace  
  195  12:11  Zergling x2  
  195  12:12  Zergling x8  
  200  12:17  Hatchery  
  200  12:19  Hatchery  
  198  12:30  Zergling x4  
  171  12:54  Zergling x34  
  171  12:55  Zergling x26  
  174  13:00  Zergling x6  
  174  13:04  Chitinous Plating  
  174  13:06  Queen  
  174  13:07  Queen  
  174  13:12  Ultralisk x2  
  190  13:15  Baneling x13  
  190  13:16  Baneling x2  
  190  13:17  Baneling x3  
  190  13:28  Ultralisk  
  196  13:38  Drone  
  197  13:42  Nydus Network  
  197  13:43  Pathogen Glands  
  196  13:53  Zerg Melee Weapons Level 2  
  196  13:59  Baneling x18  
  196  14:10  Baneling x8  
  196  14:23  Anabolic Synthesis  
  167  14:28  Ultralisk x3, Zerg Missile Weapons Level 3  
  174  14:31  Zergling x16  
  174  14:32  Zergling x32  
  174  14:35  Extractor  
  174  14:36  Extractor  
  186  14:49  Drone x4  
  186  14:50  Spore Crawler  
  186  14:52  Spine Crawler  
  188  14:53  Drone x8, Extractor  
  188  14:55  Extractor  
  188  14:59  Overseer  
  194  15:00  Overseer  
  194  15:18  Baneling  
  194  15:19  Baneling x23  
  194  15:21  Infestor x3  
  200  15:56  Nydus Canal  
  181  15:57  Zergling x26  
  181  16:03  Ultralisk x2  
  186  16:05  Zergling x26  
  199  16:21  Nydus Canal  
  192  16:27  Baneling  
  192  16:28  Baneling x16  
  192  16:45  Overseer  
  192  16:49  Overlord x4  
  192  16:50  Overlord, Hatchery  
  192  16:52  Spine Crawler  
  192  16:53  Spore Crawler, Hatchery  
  188  16:55  Spine Crawler, Overseer x2  
  188  16:56  Spine Crawler  
  186  17:23  Spire  
  186  17:24  Spire  
  176  17:43  Hatchery  
  176  17:44  Ultralisk x2  
  167  17:52  Ultralisk  
  167  17:53  Ultralisk x2  
  167  17:54  Zergling x18  
  167  17:55  Zergling x32  
  191  17:58  Queen  
  191  18:02  Zergling x12  
  199  18:18  Zergling x6  
  199  18:21  Baneling x2  
  199  18:22  Baneling x10  
  167  18:46  Ultralisk x2  
  149  18:49  Zergling x36  
  149  18:50  Zergling x20  
  171  18:58  Extractor  
  170  19:03  Ultralisk x2  
  181  19:13  Extractor  
  180  19:17  Baneling x8  
  180  19:18  Baneling x14  
  180  19:19  Zergling x26  
Show
View Real Time Build Order
Export as new Build Order

iloveoof Terran 

Build Orders: Reaper Expand, Hellion Banshee 

Get SALT Encoding   

  12  0:00  SCV  
  13  0:12  SCV  
  14  0:17  Supply Depot  
  14  0:24  SCV  
  15  0:38  SCV  
  15  0:40  Barracks  
  16  0:45  Refinery  
  16  0:53  SCV  
  17  1:05  SCV  
  18  1:17  SCV  
  19  1:28  Reaper  
  19  1:29  Orbital Command  
  20  1:42  Command Center  
  20  1:51  Supply Depot  
  20  1:58  SCV  
  20  2:00  Marine  
  22  2:10  SCV  
  22  2:14  Factory  
  23  2:22  SCV  
  24  2:24  Refinery  
  24  2:25  Barracks Reactor  
  24  2:34  SCV  
  25  2:46  SCV  
  26  2:54  Orbital Command  
  26  2:58  Starport  
  26  3:01  SCV  
  27  3:07  Hellion  
  27  3:08  Hellion  
  27  3:12  Barracks Tech Lab  
  31  3:13  SCV  
  32  3:20  SCV  
  32  3:25  SCV  
  34  3:29  Hellion x2  
  34  3:32  SCV  
  39  3:37  SCV  
  39  3:38  Supply Depot  
  40  3:44  SCV  
  40  3:45  Barracks Tech Lab  
  41  3:49  Banshee, SCV  
  41  3:50  Cloaking Field  
  45  3:56  SCV  
  45  4:00  Hellion x2  
  45  4:01  Supply Depot, SCV  
  51  4:05  Marine, Stimpack  
  52  4:18  SCV x2  
  53  4:30  Command Center, SCV x2  
  55  4:34  Supply Depot  
  55  4:36  Banshee  
  58  4:42  SCV  
  58  4:43  SCV  
  60  4:46  Barracks  
  60  4:51  Barracks  
  60  4:55  SCV  
  60  4:56  Marine  
  60  4:58  Factory Reactor  
  63  5:00  SCV  
  63  5:03  Engineering Bay  
  63  5:04  Engineering Bay  
  63  5:07  SCV  
  64  5:12  SCV  
  65  5:14  Supply Depot  
  65  5:15  Refinery x2  
  65  5:21  SCV  
  65  5:24  SCV  
  67  5:33  SCV  
  68  5:36  Starport Reactor, SCV  
  68  5:37  Marine x3  
  68  5:39  Terran Infantry Armor Level 1, Terran Infantry Weapons Level 1  
  72  5:43  Orbital Command  
  72  5:46  SCV  
  72  5:48  SCV  
  74  5:50  Marine x2  
  74  5:55  Marine x2  
  78  5:58  SCV  
  78  6:00  SCV  
  78  6:03  Orbital Command  
  80  6:05  Marine  
  80  6:06  Siege Tank  
  80  6:07  Marine  
  80  6:10  SCV  
  86  6:11  Marine  
  86  6:12  SCV  
  86  6:13  Medivac x2  
  92  6:18  Marine  
  92  6:23  Supply Depot  
  92  6:24  Supply Depot  
  92  6:25  Supply Depot  
  93  6:30  Marine, SCV x2  
  92  6:35  SCV  
  92  6:36  Marine x4  
  91  6:42  SCV x2  
  91  6:45  Combat Shield  
  93  6:47  SCV  
  93  6:48  Marine  
  93  6:50  Armory  
  93  6:54  Marine, SCV x2  
  95  6:58  Marine  
  95  6:59  Marine x2, SCV  
  102  7:04  Barracks  
  102  7:05  Marine  
  102  7:06  Barracks  
  103  7:12  Marine  
  104  7:16  Marine x2, SCV x2  
  104  7:17  Marine  
  108  7:23  Marine  
  108  7:26  Siege Tank  
  108  7:29  Marine  
  112  7:34  Marine x2, SCV x2  
  117  7:40  Terran Infantry Weapons Level 2  
  117  7:44  Medivac  
  117  7:46  SCV x2  
  117  7:47  Medivac  
  117  7:48  Marine  
  117  7:49  Marauder, Marine  
  115  7:52  Marine x2  
  115  7:57  Barracks Tech Lab x2  
  110  7:59  Terran Vehicle Weapons Level 1  
  110  8:00  Factory  
  110  8:07  SCV x2  
  110  8:08  SCV  
  110  8:10  Marauder  
  110  8:12  Bunker x2  
  115  8:13  Marine, Bunker  
  115  8:14  Marine  
  115  8:17  Concussive Shells  
  117  8:25  Supply Depot  
  117  8:26  Supply Depot x2  
  117  8:28  Marauder x2, Marine, Siege Tank  
  117  8:29  Terran Infantry Armor Level 2  
  125  8:46  Marine x2, Medivac  
  125  8:47  Marauder, Medivac, SCV x3  
  128  8:59  SCV  
  128  9:02  Marauder x2, Marine x2  
  113  9:04  Marine  
  113  9:09  Marauder, Marine  
  91  9:19  Marine x2, SCV x3  
  91  9:22  Marine  
  91  9:23  Marauder, Marine  
  76  9:31  SCV  
  76  9:32  SCV x2  
  77  9:43  SCV  
  77  9:44  SCV x2  
  80  9:53  Siege Tank  
  80  9:54  Factory Tech Lab  
  80  9:55  Marauder x2  
  80  9:56  SCV x3  
  80  9:58  Supply Depot  
  80  9:59  Supply Depot  
  90  10:00  Bunker  
  90  10:02  Bunker  
  90  10:03  Terran Infantry Weapons Level 3  
  90  10:08  SCV x3  
  90  10:11  Marine x4  
  90  10:12  Marine  
  98  10:20  Terran Vehicle Weapons Level 2, SCV x2  
  100  10:23  Marauder, Supply Depot, SCV  
  103  10:35  SCV x2  
  105  10:41  Marauder x2, Siege Tank  
  112  10:43  SCV  
  112  10:47  SCV x2  
  112  10:49  Refinery x2  
  115  10:54  Command Center  
  115  10:55  SCV  
  116  10:59  SCV x2  
  118  11:05  Marauder x2  
  118  11:06  Marauder  
  118  11:07  SCV  
  125  11:15  Siege Tank, SCV  
  125  11:16  Supply Depot  
  125  11:18  Supply Depot  
  129  11:24  Siege Tank  
  132  11:28  Marine x3  
  133  11:37  Marine  
  133  11:38  Marauder x2  
  138  11:47  SCV x2  
  138  11:48  Siege Tank  
  138  11:52  Terran Infantry Armor Level 3  
  143  11:54  Ghost Academy  
  143  11:57  Widow Mine  
  143  11:58  SCV  
  143  11:59  SCV  
  143  12:00  SCV  
  148  12:06  Marine x2  
  148  12:07  Marauder x2, Marine x2  
  156  12:10  SCV  
  157  12:21  Marauder  
  159  12:24  Marine x4  
  159  12:26  Enhanced Shockwaves  
  163  12:44  Ghost  
  163  12:45  Marauder  
  163  12:51  Marauder, Marine x3, Medivac, Siege Tank x2  
  154  12:52  Medivac  
  161  13:04  Neosteel Armor  
  161  13:05  Terran Vehicle Weapons Level 3  
  147  13:07  Marauder, Marine  
  147  13:08  Marine  
  147  13:09  Marine x2  
  147  13:12  Marauder  
  155  13:14  Marauder  
  157  13:23  Siege Tank  
  157  13:25  SCV x2  
  157  13:26  Planetary Fortress, SCV  
  163  13:33  Command Center  
  163  13:36  Missile Turret  
  163  13:38  Supply Depot  
  163  13:40  Supply Depot  
  163  13:45  Sensor Tower  
  164  13:48  SCV  
  164  13:59  Viking x2, SCV x2  
  164  14:02  Ghost x3  
  176  14:10  Refinery, Missile Turret  
  176  14:11  Missile Turret  
  169  14:34  Supply Depot  
  169  14:35  Supply Depot  
  169  14:36  Supply Depot  
  169  14:40  Refinery  
  169  14:54  Marine x5, Viking  
  169  14:55  Marauder x2  
  169  14:56  Siege Tank x2, SCV  
  169  14:57  SCV  
  188  15:02  Sensor Tower x2  
  188  15:05  Bunker  
  188  15:10  Bunker  
  188  15:12  Marauder, Marine x4  
  194  15:15  Marine  
  194  15:16  Marauder  
  194  15:19  SCV  
  194  15:20  SCV x2  
  200  15:26  Command Center  
  200  15:31  Starport  
  163  15:58  Siege Tank x2  
  160  16:10  Marauder x3, Marine x3  
  157  16:27  SCV x2  
  157  16:29  SCV x2  
  157  16:30  Siege Tank  
  164  16:39  Ghost  
  164  16:40  Ghost  
  164  16:41  Viking x2  
  164  16:42  Command Center, Siege Tank  
  177  16:55  Command Center  
  177  16:57  Marine x5  
  180  17:03  Siege Tank  
  183  17:11  Factory, Personal Cloaking  
  183  17:29  Ghost x3  
  152  17:58  SCV x3  
  152  17:59  Factory Tech Lab  
  152  18:08  Ghost  
  152  18:10  SCV x3  
  157  18:22  SCV x2  
  157  18:23  SCV x2  
  152  18:34  SCV  
  109  18:55  Marauder x3  
  106  18:56  Marine  
  106  19:01  SCV  
  108  19:09  SCV x2  
  111  19:15  SCV  
  112  19:22  SCV x2  
Tags
 
Add a new tag
Caveats
  • Supply blocks, unpowered buildings, or Contaminate may cause inaccurate times.
  • Supply counts are checked every 10 seconds.